 Dungeon Crawl Stone Soup version 0.31.0-11-ge490571c62 (webtiles) character file.

Game seed: 9254429049249043396

2200346 Daunt the Marksdemigod (level 25, 224/224 HPs)
             Began as a Demigod Shapeshifter on Jan 31, 2024.
             Escaped with the Orb
             ... and 4 runes!
             The game lasted 10:23:51 (77216 turns).

Daunt the Marksdemigod (Demigod Shapeshifter)      Turns: 77216, Time: 10:23:52

Health: 224/224    AC: 35    Str: 19    XL:     25   Next: 78%
Magic:  48/48      EV: 29    Int: 10    God:
Gold:   4916       SH: 22    Dex: 49    Spells: 22/54 levels left

rFire   + + +        a - +3 greatsling "Punk" {acid, rCorr}
rCold   + . .        h - +1 kite shield {rN+}
rNeg    + + .        O - +8 fire dragon scales
rPois   +            w - -2 hat of the Alchemist {rElec rPois rF+ rC+ rN+ Will+ rMut rCorr}
rElec   +            V - +2 cloak of the Hippogriff {rElec rPois rC+ Str+4}
rCorr   +            Q - +2 pair of gloves
SInv    .            R - +2 pair of boots {Stlth+}
Will    +++..        D - amulet of regeneration
Stlth   ++           S - +6 ring of dexterity
HPRegen 1.37/turn    x - +4 ring of protection {=R}
MPRegen 0.31/turn

%: resist mutation
@: no status effects
A: high MP 1, forlorn, divine attributes, clumsy 1, dopey 1
0: Orb of Zot
}: 4/15 runes: decaying, serpentine, slimy, silver
a: no special abilities


You escaped.
You visited 11 branches of the dungeon, and saw 55 of its levels.
You visited 1 bazaar.
You also visited: Trove.

You collected 9383 gold pieces.
You spent 4467 gold pieces at shops.

Inventory:

Hand Weapons
 a - the +3 greatsling "Punk" (weapon) {acid, rCorr}
   (You bought it in a shop on level 2 of the Orcish Mines)

   rCorr:     It protects you from acid and corrosion.
Missiles
 e - 11 curare-tipped darts
 z - 2 atropa-tipped darts
Armour
 h - a +1 kite shield of positive energy (worn)
 w - the -2 hat of the Alchemist (worn) {rElec rPois rF+ rC+ rN+ Will+ rMut rCorr}
   (You bought it in a shop on level 15 of the Dungeon)

   rF+:       It protects you from fire.
   rC+:       It protects you from cold.
   rElec:     It insulates you from electricity.
   rPois:     It protects you from poison rN+: It protects you from negative
   energy.
   Will+:     It increases your willpower.
   rCorr:     It protects you from acid and corrosion.
   rMut:      It protects you from mutation.
 O - +8 fire dragon scales (worn)
 P - a +0 buckler of protection
 Q - a +2 pair of gloves (worn)
 R - a +2 pair of boots of stealth (worn)
 V - the +2 cloak of the Hippogriff (worn) {rElec rPois rC+ Str+4}
   (You found it on level 3 of the Elven Halls)

   Str+4:     It affects your strength (+4).
   rC+:       It protects you from cold.
   rElec:     It insulates you from electricity.
   rPois:     It protects you from poison
Jewellery
 p - a +4 ring of protection
 x - a +4 ring of protection (right hand) {=R}
 C - a ring of protection from cold
 D - an amulet of regeneration (around neck)
 I - the ring "Vaasm" {rCorr Str+4 SInv Stlth+}
   (You took it off Frederick on level 5 of the Vaults)

   [ring of see invisible]

   Str+4:     It affects your strength (+4).
   SInv:      It lets you see invisible.
   rCorr:     It protects you from acid and corrosion.
   Stlth+:    It makes you more stealthy.
 S - a +6 ring of dexterity (left hand)
 W - a ring of wizardry
 Z - a ring of flight
Wands
 f - a wand of acid (34)
 k - a wand of polymorph (13)
 l - a wand of roots (53)
 q - a wand of digging (13)
 y - a wand of mindburst (31)
 L - a wand of charming (84)
 N - a wand of flame (117)
Scrolls
 g - 3 scrolls of silence
 m - 2 scrolls of revelation
 n - 7 scrolls of fear
 o - 16 scrolls of teleportation
 A - 9 scrolls of fog
 B - 5 scrolls of immolation
 E - 4 scrolls of butterflies
 K - 9 scrolls of poison
 T - 4 scrolls of vulnerability
 Y - 5 scrolls of blinking
Potions
 b - 9 potions of lignification
 c - 3 potions of magic
 d - 23 potions of curing
 i - 4 potions of invisibility
 j - 4 potions of cancellation
 s - 8 potions of heal wounds
 t - 4 potions of mutation
 u - 11 potions of attraction
 v - 5 potions of haste
 G - 10 potions of ambrosia
 H - 6 potions of resistance
 J - 8 potions of enlightenment
Miscellaneous
 r - a phial of floods
 F - a phantom mirror
 M - a lightning rod (4/4)


   Skills:
 - Level 18.0 Fighting
 + Level 18.1 Ranged Weapons
 - Level 16.6 Armour
 - Level 13.0 Dodging
 - Level 7.0 Stealth
 - Level 16.0 Shields
 - Level 2.6 Unarmed Combat
 - Level 15.0 Spellcasting
 - Level 4.0 Conjurations
 - Level 14.0 Hexes
 - Level 17.0 Translocations
 - Level 10.0 Air Magic
 - Level 10.0 Alchemy
 - Level 5.0 Evocations
 - Level 2.6 Shapeshifting


You had 22 spell levels left.
You knew the following spells:

 Your Spells              Type           Power      Damage    Failure   Level
b - Blink                 Tloc           82%        N/A       1%          2
d - Dimensional Bullseye  Hex/Tloc       19%        N/A       1%          4
e - Dispersal             Tloc           20%        N/A       4%          6
i - Iskenderun's Mystic   Conj/Tloc      28%        2d7       4%          4
n - Silence               Hex/Air        15%        N/A       6%          5
s - Swiftness             Air            27%        N/A       1%          3
t - Tukima's Dance        Hex            35%        N/A       1%          3
y - Yara's Violent Unrav  Hex/Alch       15%        3d8       6%          5

Your spell library contained the following spells:

 Spells                   Type           Power      Damage    Failure   Level
 Apportation              Tloc           82%        N/A       1%          1
 Sting                    Conj/Alch      84%        1d8       1%          1
 Jinxbite                 Hex            70%        N/A       1%          2
 Lesser Beckoning         Tloc           82%        N/A       1%          2
 Mercury Vapours          Alch/Air       54%        N/A       1%          2
 Momentum Strike          Conj/Tloc      56%        3d9       1%          2
 Gell's Gravitas          Tloc           41%        N/A       1%          3
 Teleport Other           Tloc           41%        N/A       1%          3
 Manifold Assault         Tloc           41%        N/A       1%          4
 Vhi's Electric Charge    Tloc/Air       68%        N/A       1%          4
 Static Discharge         Conj/Air       42%        3-5/arc   2%          2
 Dazzling Flash           Conj/Hex       50%        N/A       2%          3
 Volatile Blastmotes      Fire/Tloc      48%        2d14      2%          3
 Cigotuvi's Dreadful Rot  Necr/Alch/Air  40%        N/A       3%          2
 Mephitic Cloud           Conj/Alch/Air  23%        N/A       3%          3
 Inner Flame              Hex/Fire       21%        N/A       4%          3
 Olgreb's Toxic Radiance  Alch           27%        N/A       4%          4
 Magic Dart               Conj           60%        1d6       6%          1
 Searing Ray              Conj           30%        2d5       9%          2
 Foxfire                  Conj/Fire      44%        2x1d6     13%         1
 Alistair's Intoxication  Alch           18%        N/A       14%         5
 Fulminant Prism          Conj/Alch      10%        3d8       17%         4
 Sandblast                Erth           14%        2d6       30%         1
 Summon Small Mammal      Summ           28%        N/A       30%         1
 Stone Arrow              Conj/Erth      22%        3d8       36%         3
 Ignite Poison            Fire/Alch      17%        N/A       36%         4
 Leda's Liquefaction      Alch/Erth      8%         N/A       36%         4
 Summon Lightning Spire   Summ/Air       17%        N/A       36%         4
 Call Imp                 Summ           14%        N/A       41%         2
 Sublimation of Blood     Necr           7%         N/A       41%         2
 Irradiate                Conj/Alch      10%        3d15      43%         5
 Metabolic Englaciation   Hex/Ice        10%        N/A       43%         5
 Summon Mana Viper        Hex/Summ       21%        N/A       43%         5
 Eringya's Noxious Bog    Alch           13%        4d6       58%         6
 Enfeeble                 Hex            17%        N/A       63%         7
 Call Canine Familiar     Summ           7%         N/A       65%         3
 Fugue of the Fallen      Necr           7%         N/A       65%         3
 Ozocubu's Armour         Ice            7%         N/A       65%         3
 Summon Ice Beast         Ice/Summ       7%         N/A       65%         3
 Vampiric Draining        Necr           7%         2d6       65%         3
 Freezing Cloud           Conj/Ice/Air   8%         6-21      77%         5
 Conjure Ball Lightning   Conj/Air       10%        3x3d6     95%         6
 Animate Armour           Summ/Erth      14%        N/A       96%         4
 Animate Dead             Necr           7%         N/A       96%         4
 Dispel Undead            Necr           7%         3d8       96%         4
 Martyr's Knell           Necr/Summ      7%         N/A       96%         4
 Summon Blazeheart Golem  Fire/Summ      7%         N/A       96%         4
 Plasma Beam              Fire/Air       8%         2x1d19    99%         6
 Sculpt Simulacrum        Ice/Alch       8%         N/A       99%         6
 Borgnjor's Vile Clutch   Necr/Erth      3%         N/A       100%        5
 Curse of Agony           Necr           7%         N/A       100%        5
 Lee's Rapid Deconstruct  Erth           3%         3d5*      100%        5
 Death Channel            Necr           3%         N/A       100%        6
 Starburst                Conj/Fire      5%         6d4       100%        6
 Malign Gateway           Summ/Tloc      12%        N/A       100%        7
 Monstrous Menagerie      Summ           3%         N/A       100%        7
 Summon Hydra             Summ           3%         N/A       100%        7
 Ignition                 Fire           3%         3d4       100%        8
 Infestation              Necr           3%         N/A       100%        8
 Maxwell's Capacitive Co  Air            13%        ∞         100%        8
 Summon Horrible Things   Summ           3%         N/A       100%        8
 Chain Lightning          Conj/Air       10%        3d14      100%        9
 Fire Storm               Conj/Fire      5%         8d2       100%        9
 Shatter                  Erth           3%         3d7*      100%        9


Dungeon Overview and Level Annotations

Branches:
Dungeon (15/15)            Temple (0/1) D:6            Lair (5/5) D:11
  Swamp (4/4) Lair:2        Snake (4/4) Lair:2        Slime (5/5) Lair:4
    Orc (2/2) D:12            Elf (3/3) Orc:2        Vaults (5/5) D:14
  Crypt (3/3) Vaults:2       Tomb (0/3) Crypt:3      Depths (4/4) D:15
    Zot (5/5) Depths:4

Shops:
D:13 (   D:15 [   Orc:1 [[[   Orc:2 (?*(=*   Snake:2 *   Snake:3 =:=
Vaults:2 (   Vaults:3 (

Portals:
Hell: Lair:5 Depths:1 Depths:2 Depths:3 Depths:4
Abyss: Depths:3
Pandemonium: Orc:2 Depths:2 Depths:4
Ziggurat: Depths:3

Annotations:
D:2 1 runed translucent door, Crazy Yiuf
Snake:4 3 runed translucent doors, Sagen's ghost, adept DrCj
Elf:2 3 runed translucent doors, 6 transporters
Depths:3 Parghit


Innate Abilities, Weirdness & Mutations

You have an increased reservoir of magic. (+10% MP)
You shall have no god before yourself.
Your divine heritage dramatically boosts your attributes as you level up.
You are clumsy. (Dex -2)
You are dopey. (Int -2)


Message History

You kill the rust devil!
You shoot a sling bullet. The sling bullet hits the black bear.
The black bear is splashed with acid.
The acid corrodes the black bear!
The black bear is lightly wounded.
You shoot a sling bullet.
The sling bullet completely misses the black bear.
You shoot a sling bullet. The sling bullet hits the black bear!
The black bear is splashed with acid.
The black bear seems to be corroded for longer.
The black bear is heavily wounded.
The black bear completely misses you. You block the black bear's attack. x2
You shoot a sling bullet.
The sling bullet hits the black bear but does no damage.
The black bear is splashed with acid.
The black bear seems to be corroded for longer.
The black bear is heavily wounded.
You block the black bear's attack.
The black bear claws you but does no damage.
You block the black bear's attack.
You shoot a sling bullet.
The sling bullet completely misses the black bear.
The black bear misses you. You block the black bear's attack. x2
You shoot a sling bullet. The sling bullet hits the black bear!!
You kill the black bear!
No target in view!
No target in view!
Unknown command.
You see here a black bear corpse.
There is a stone staircase leading up here.
You climb upwards.
There is a stone staircase leading down here.
There is a stone staircase leading up here.
You climb upwards.
Level annotation: 1 runed translucent door, Crazy Yiuf
There is a stone staircase leading down here.
There is a stone staircase leading up here.
You climb upwards.
There is a stone staircase leading down here.
There is a staircase leading out of the dungeon here.
You have escaped!

#....## #...............[..
#....# ###########.....### #....#
####.###. ####### #.###. ......#
###### ###### ####.....
#####.###....####....####....####
..# #.##......##......##.....####
..# #.##..##..##..##..##..##>....
..# #.##..##..#.@..#..##..##)####
..###.##..##..#....#..##..##.##..
......##..##..##..##..##..##.##..
..###.....##......##......##.##..
..# #....####....####....###.####
### ###### ###### ###### #.# #.#
#.# #.#


There were no monsters in sight!

Vanquished Creatures
  the Royal Jelly (Slime:5)
  4 dread liches
  Frederick (Vaults:5)
  An ancient lich (Zot:5)
  6 orbs of fire
  Mara (Vaults:3)
  A juggernaut (Depths:3)
  Sojobo (Vaults:2)
  Vv (Depths:2)
  A curse toe (Zot:5)
  Margery (Vaults:5)
  Bai Suzhen (Vaults:3)
  2 Killer Klowns (Zot:5)
  14 golden dragons
  5 caustic shrikes (Depths:4)
  Nikola (Lair:2)
  Norris (Depths:1)
  Jory (Vaults:3)
  A bone dragon (Crypt:3)
  4 electric golems
  A hellephant (Vaults:5)
  Jorgrun (Swamp:2)
  21 tentacled monstrosities
  7 titans
  A walking crystal tome (Depths:2)
  An Ice Fiend (Zot:2)
  3 liches
  26 Orb Guardians
  Mlioglotl (Swamp:2)
  A walking earthen tome (Depths:3)
  5 sphinxes
  2 quicksilver dragons (Zot:5)
  2 walking divine tomes (Depths:3)
  2 deep elf blademasters (Elf:3)
  The ghost of Eskosele the Warrior, an adept TeRe of Hepliaklqana (Elf:1)
  2 deep elf master archers (Elf:3)
  7 ancient champions (Crypt:3)
  11 death cobs
  Agnes (Elf:1)
  24 acid blobs
  2 thorn hunters
  9 tengu reavers
  6 shadow dragons
  Aizul (Snake:2)
  9 nagarajas
  A revenant (Crypt:3)
  A demonspawn warmonger (D:11)
  14 storm dragons
  Donald (Lair:2)
  6 draconian monks
  9 rockslimes
  2 fenstrider witches
  Roxanne (Elf:3)
  8 azure jellies
  4 iron dragons
  4 draconian knights
  8 draconian shifters
  2 protean progenitors
  2 balrugs
  8 fire giants
  4 deep elf sorcerers
  3 deep elf elementalists (Elf:3)
  11 frost giants
  Louise (Elf:1)
  2 curse skulls (Crypt:1)
  4 ghost moths
  9 ghouls
  5 draconian scorchers
  5 orc warlords
  16 vault wardens
  3 draconian stormcallers
  14 quicksilver oozes
  A demonspawn corrupter (Depths:1)
  The ghost of benadryl the Warrior, a journeyman MiGl of Hepliaklqana (Lair:2)
  A reaper (D:11)
  14 ironbound preservers
  3 draconian annihilators
  18 very ugly things
  A spriggan defender (Depths:3)
  4 eleionomae
  5 vampire knights
  7 black draconians
  6 ironbound thunderhulks
  A juggernaut skeleton (Crypt:1)
  The ghost of ssalbiz the Nimble, a journeyman DECj of Vehumet (Orc:2)
  9 deep elf death magi
  10 green draconians
  19 stone giants
  6 deep elf demonologists
  10 formless jellyfish
  4 deep elf annihilators (Elf:3)
  10 purple draconians
  3 bunyips
  20 dire elephants
  A minotaur (Orc:2)
  11 yellow draconians
  5 red draconians
  9 spark wasps
  A war gargoyle (Vaults:2)
  A blizzard demon (Depths:1)
  8 white draconians
  3 eidola
  2 mummy priests (Crypt:3)
  A crystal guardian (Vaults:4)
  19 jiangshi
  6 deep elf high priests
  2 shambling mangroves (Swamp:4)
  A green death (D:15)
  21 ettins
  7 yaktaur captains
  6 fire dragons
  8 great orbs of eyes
  4 rakshasas
  26 vault guards
  2 demonspawn (Orc:2)
  2 spriggan air magi
  A hell beast (Depths:1)
  15 hydras
  4 salamander tyrants
  3 spriggan skeletons
  8 ironbound frosthearts
  A catoblepas (Lair:2)
  3 peacekeepers
  3 centaur warriors
  A juggernaut simulacrum (Crypt:3)
  4 ice dragons
  7 alligators
  A fenstrider witch skeleton (Crypt:2)
  An Orb Guardian zombie (Crypt:2)
  24 dancing weapons
  4 deep troll shamans
  21 anacondas
  6 two-headed ogres
  3 boulder beetles
  6 death yaks
  6 tengu warriors
  9 deep troll earth magi
  6 hell hogs (Depths:1)
  An occultist (Depths:3)
  20 naga warriors
  5 spriggan berserkers
  6 vampire magi
  A soul eater (Depths:2)
  10 naga sharpshooters
  7 shock serpents
  6 orc high priests (Orc:2)
  28 deep elf knights
  13 hell knights
  Sonja (D:10)
  9 sun demons
  5 iron trolls
  8 salamander mystics
  3 skysharks
  2 shadow wraiths (Crypt:3)
  24 skeletal warriors
  5 goliath frogs
  A sixfirhy (Lair:5)
  A death drake (Swamp:3)
  2 spriggan druids
  2 deep trolls (shapeshifter)
  7 glowing orange brains
  An obsidian statue (Elf:1)
  6 naga ritualists
  21 mana vipers
  A shadow demon (Depths:1)
  12 swamp dragons
  41 deep trolls
  An orb spider (shapeshifter) (Vaults:5)
  6 arcanists
  7 bog bodies
  5 flayed ghosts
  21 ironbound convokers
  A spriggan simulacrum (Crypt:3)
  11 phantasmal warriors
  17 deep elf archers
  13 necromancers
  4 lightning spires (Swamp:3)
  12 lindwurms
  Pikel (D:5)
  3 harpies (Vaults:1)
  5 manticores
  12 orc sorcerers
  34 deep elf zephyrmancers
  12 orc knights
  42 deep elf pyromancers
  27 ugly things
  A jorogumo zombie (Crypt:2)
  4 shining eyes
  A stone giant zombie (Crypt:1)
  A faun (D:14)
  22 salamanders
  A wolf spider (D:15)
  33 moths of wrath
  8 will-o-the-wisps
  A faun (shapeshifter) (Vaults:2)
  2 oklob plants (D:11)
  10 cyclopes
  A human zombie (Vaults:4)
  2 alligator skeletons
  10 vault sentinels
  A shadow dragon skeleton (Crypt:3)
  41 black mambas
  A centaur zombie (Crypt:1)
  Joseph (D:9)
  An eleionoma skeleton (Crypt:1)
  A jorogumo skeleton (Crypt:2)
  9 elephants
  8 guardian serpents
  2 torpor snails (Lair:2)
  An ice statue (Lair:2)
  18 naga magi
  2 rust devils
  10 smoke demons
  A centaur skeleton (Crypt:1)
  2 dire elephant skeletons (Crypt:1)
  An orange demon (Lair:5)
  An unseen horror (D:12)
  Jeremiah (D:8)
  An alligator snapping turtle skeleton (Crypt:1)
  6 rime drakes
  A gargoyle (D:13)
  A green draconian zombie (Crypt:2)
  9 cane toads
  A kobold demonologist (D:9)
  An eye of devastation (Slime:5)
  20 yaktaurs
  2 tormentors (Depths:4)
  5 tengu conjurers
  3 freezing wraiths (Vaults:5)
  A hellion (Depths:1)
  4 komodo dragons
  7 ice devils
  4 red devils
  9 guardian mummies (Crypt:3)
  3 harpy zombies
  A queen bee (Lair:3)
  9 trolls
  A hellwing (Orc:2)
  8 tyrant leeches
  13 hornets
  4 harpy skeletons
  3 polar bears
  A raiju (shapeshifter) (Elf:1)
  3 bloated husks (Swamp:3)
  A deep troll zombie (Vaults:4)
  6 dream sheep
  7 glass eyes
  A guardian serpent zombie (Crypt:2)
  24 blink frogs
  A jumping spider zombie (Crypt:2)
  2 air elementals
  A human simulacrum (Vaults:4)
  72 slime creatures
  An ettin skeleton (Crypt:1)
  7 spriggans
  A vampire (D:12)
  2 ushabtiu (Crypt:3)
  2 shadows
  8 wraiths
  5 wyverns
  A spriggan (shapeshifter) (Elf:1)
  70 yaks
  5 basilisks
  3 water elementals
  5 fire elementals
  A hog (shapeshifter) (D:12)
  3 wargs
  9 golden eyes
  A steam dragon (D:9)
  14 vampire mosquitoes
  Menkaure (D:5)
  A two-headed ogre zombie (Crypt:1)
  A swamp worm (shapeshifter) (Vaults:5)
  51 nagas
  9 swamp worms
  A harpy simulacrum (Crypt:1)
  2 acid dragons
  4 hell hounds (Lair:5)
  19 water moccasins
  A water nymph skeleton (Crypt:1)
  A glowing shapeshifter skeleton (Vaults:4)
  8 swamp drakes
  46 orc warriors
  3 black bears
  2 ice beasts
  15 laughing skulls
  A black mamba simulacrum (Crypt:1)
  6 ogres
  A centaur (shapeshifter) (Elf:1)
  3 boggarts (Vaults:3)
  A manticore skeleton (Crypt:3)
  10 wolves
  5 centaurs
  A lemure (D:5)
  7 kobold brigands
  Blork the orc (D:5)
  13 bullfrogs
  3 necrophages
  A salamander zombie (Crypt:1)
  3 gnoll sergeants
  An earth elemental (Elf:2)
  2 scorpions (D:5)
  5 wights (D:9)
  3 jellies
  30 killer bees (Lair:3)
  A troll skeleton (Crypt:2)
  A polar bear skeleton (Crypt:3)
  A yak skeleton (Crypt:3)
  3 howler monkeys (D:8)
  A shapeshifter skeleton (Crypt:1)
  A bombardier beetle (D:5)
  3 gnoll boudas
  31 orc priests
  3 hounds
  A basilisk skeleton (Crypt:3)
  3 sleepcaps (D:7)
  5 iguanas
  30 orc wizards
  10 hell rats
  Robin (D:2)
  7 adders
  23 gnolls
  A howler monkey skeleton (Crypt:2)
  A shadow imp (D:8)
  3 white imps
  A ribbon worm zombie (Crypt:3)
  An ufetubus (D:5)
  2 lava snake zombies
  A dart slug (D:2)
  87 orcs
  8 ball pythons
  6 endoplasms
  A giant cockroach (D:4)
  20 goblins
  4 hobgoblins
  2 jackals (D:4)
  5 quokkas
  A ball python zombie (Crypt:1)
  7 bats
  3 frilled lizards
  A giant cockroach zombie (Crypt:3)
  A hobgoblin zombie (Crypt:1)
  19 kobolds
  2 orc skeletons
  A rat (D:1)
  A rat zombie (Crypt:1)
2403 creatures vanquished.

Vanquished Creatures (collateral kills)
  A hell knight (Depths:4)
  An eye of devastation (Orc:2)
  A gnoll (D:6)
3 creatures vanquished.

Vanquished Creatures (others)
  A dread lich (Crypt:3)
  A fire giant (Depths:2)
  A yellow draconian (Zot:1)
  2 deep elf knights (Elf:3)
  An orc knight (Orc:2)
  A moth of wrath (Zot:2)
  A water elemental (Depths:4)
  3 dancing weapons
  An orc priest (Orc:1)
  A hound (D:6)
  An orc wizard (D:9)
  13 foxfires
27 creatures vanquished.

Grand Total: 2433 creatures vanquished

Notes
Turn   | Place    | Note
-------+----------+-------------------------------------------
     0 | D:1      | Daunt the Demigod Shapeshifter began the quest for the Orb.
     0 | D:1      | Reached XP level 1. HP: 15/15 MP: 3/3
    24 | D:1      | Reached skill level 1 in Fighting
   137 | D:1      | Reached XP level 2. HP: 24/24 MP: 4/4
   730 | D:2      | Noticed Robin
   948 | D:1      | Reached XP level 3. HP: 29/30 MP: 5/5
  1241 | D:2      | Killed Robin
  1502 | D:2      | Found a runed translucent door.
  1503 | D:2      | Noticed Crazy Yiuf
  1867 | D:3      | Reached XP level 4. HP: 40/40 MP: 6/6
  2487 | D:4      | Noticed a black bear
  2626 | D:4      | Noticed an ogre
  2863 | D:5      | Entered Level 5 of the Dungeon
  2915 | D:4      | HP: 2/40 [iguana (6)]
  2917 | D:4      | Reached skill level 1 in Ranged Weapons
  3154 | D:4      | Reached XP level 5. HP: 21/46 MP: 7/7
  3388 | D:4      | You fall into a shaft and drop 3 floors!
  3560 | D:6      | HP: 1/46 [gnoll sergeant/+0 trident (8)]
  3767 | D:5      | Noticed a centaur
  3786 | D:5      | Killed a centaur
  3787 | D:5      | Reached XP level 6. HP: 24/52 MP: 8/8
  4144 | D:5      | Noticed a water moccasin
  4175 | D:5      | Killed a water moccasin
  4176 | D:5      | Reached skill level 5 in Ranged Weapons
  4224 | D:5      | Noticed Pikel
  4280 | D:5      | Killed Pikel
  4281 | D:5      | Reached XP level 7. HP: 45/59 MP: 9/9
  4315 | D:5      | Noticed Blork the orc
  4325 | D:5      | Killed Blork the orc
  4618 | D:4      | Reached XP level 8. HP: 66/66 MP: 10/10
  4651 | D:5      | Noticed Menkaure
  4661 | D:5      | Killed Menkaure
  5650 | D:6      | Found a staircase to the Ecumenical Temple.
  5700 | D:6      | Reached skill level 1 in Armour
  6583 | D:7      | Reached XP level 9. HP: 73/73 MP: 11/11
  6657 | D:7      | Reached skill level 5 in Fighting
  6851 | D:7      | Reached skill level 10 in Ranged Weapons
  7296 | D:8      | Noticed Jeremiah
  8194 | D:9      | Noticed a kobold demonologist
  8199 | D:9      | Killed a kobold demonologist
  8373 | D:9      | Noticed Joseph
  8424 | D:9      | Paralysed by a hornet for 3 turns
  8730 | D:9      | Reached XP level 10. HP: 84/84 MP: 13/13
  9023 | D:9      | Noticed a two-headed ogre
  9037 | D:9      | Killed a two-headed ogre
  9294 | D:10     | Entered Level 10 of the Dungeon
  9416 | D:10     | Reached skill level 1 in Stealth
  9699 | D:10     | Noticed Sonja
  9711 | D:10     | Killed Sonja
 10337 | D:11     | Noticed a two-headed ogre
 10344 | D:11     | Killed a two-headed ogre
 10345 | D:11     | Reached skill level 5 in Dodging
 10355 | D:11     | Noticed a cyclops
 10368 | D:11     | Killed a cyclops
 10369 | D:11     | Reached skill level 5 in Stealth
 10393 | D:11     | Noticed a two-headed ogre
 10393 | D:11     | Noticed a skeletal warrior
 10393 | D:11     | Noticed a skeletal warrior
 10393 | D:11     | Noticed a skeletal warrior
 10394 | D:11     | Noticed a skeletal warrior
 10413 | D:11     | Killed a two-headed ogre
 10477 | D:11     | Noticed a cyclops
 10485 | D:10     | Reached XP level 11. HP: 92/92 MP: 14/14
 10625 | D:11     | Paralysed by a hornet for 3 turns
 10743 | D:11     | Found a staircase to the Lair.
 10899 | D:11     | Noticed a two-headed ogre
 10942 | D:11     | Killed a two-headed ogre
 11335 | D:11     | Noticed a skeletal warrior
 11822 | Lair:1   | Entered Level 1 of the Lair of Beasts
 12701 | Lair:1   | Reached skill level 5 in Armour
 12717 | Lair:1   | Reached XP level 12. HP: 103/103 MP: 15/15
 13124 | Lair:2   | Found a staircase to the Swamp.
 13178 | Lair:2   | Found a transporter.
 13185 | Lair:2   | Noticed a catoblepas
 13303 | Lair:2   | Reached skill level 10 in Fighting
 13435 | Lair:2   | Found a staircase to the Snake Pit.
 13470 | Lair:2   | Found a transporter.
 13473 | Lair:2   | Noticed benadryl's ghost (journeyman MiGl)
 13922 | Lair:2   | HP: 5/110 [skyshark (6)]
 14407 | D:12     | Reached skill level 1 in Evocations
 14539 | D:12     | Noticed a boulder beetle
 14548 | D:12     | Killed a boulder beetle
 14685 | D:12     | Noticed a seven-headed hydra
 14784 | D:12     | Killed a seven-headed hydra
 14842 | D:12     | Found a staircase to the Orcish Mines.
 15075 | D:13     | Noticed a centaur warrior
 15084 | D:13     | Killed a centaur warrior
 15188 | D:13     | Found Quna's Weapon Boutique.
 15443 | D:13     | Noticed a centaur warrior
 15452 | D:13     | Killed a centaur warrior
 15453 | D:13     | Reached XP level 13. HP: 117/117 MP: 16/16
 17295 | D:14     | Found a gate to the Vaults.
 17748 | Orc:1    | Entered Level 1 of the Orcish Mines
 17905 | Orc:1    | Reached skill level 5 in Evocations
 17924 | Orc:1    | Noticed an orc warlord
 17958 | Orc:1    | Killed an orc warlord
 17995 | Orc:1    | Found Yteseem's Armour Boutique.
 18076 | Orc:1    | Found Qogyck's Antique Armour Shop.
 18181 | Orc:2    | Entered Level 2 of the Orcish Mines
 18303 | Orc:2    | Found a staircase to the Elven Halls.
 18465 | Orc:1    | Found Ruideq's Antique Armour Boutique.
 18528 | Orc:1    | Bought a scorched ring mail for 243 gold pieces
 18528 | Orc:1    | Identified the +5 ring mail of the Heavens {Str+2} (You
                  | bought it in a shop on level 1 of the Orcish Mines)
 18528 | Orc:1    | Bought a pair of glowing boots for 202 gold pieces
 18743 | Orc:1    | Bought a +0 pair of gloves for 67 gold pieces
 18814 | Orc:2    | Found Zesomaig's Mass Market.
 18948 | Orc:2    | Found a runed translucent gate.
 18948 | Orc:2    | Found a runed translucent gate.
 18948 | Orc:2    | Found a runed translucent gate.
 18962 | Orc:2    | Noticed a minotaur
 18987 | Orc:2    | Noticed ssalbiz's ghost (journeyman DECj)
 19005 | Orc:2    | Found Boiry's Weapon Emporium.
 19616 | Orc:2    | Found Asiulim's General Store.
 19712 | Orc:2    | Found Cushro's Magic Scroll Boutique.
 19734 | Orc:2    | Bought a scroll of acquirement for 728 gold pieces
 19734 | Orc:2    | Bought a scroll of identify for 28 gold pieces
 19734 | Orc:2    | Bought a scroll of identify for 28 gold pieces
 19734 | Orc:2    | Bought a scroll of identify for 28 gold pieces
 19897 | Orc:2    | Reached XP level 14. HP: 107/127 MP: 17/17
 20275 | Orc:2    | Reached skill level 15 in Ranged Weapons
 20521 | Orc:2    | Paralysed by an orc sorcerer for 5 turns
 20554 | Orc:2    | Found Wiqoduux's Jewellery Shoppe.
 20554 | Orc:2    | Found Qaiblem's Antique Weapon Emporium.
 20555 | Orc:2    | Found a one-way gate leading to the halls of Pandemonium.
 20559 | Orc:2    | Acquired 953 gold pieces
 20565 | Orc:2    | Bought the +3 greatsling "Punk" {acid, rCorr} for 1001 gold
                  | pieces
 20565 | Orc:2    | Found the +3 greatsling "Punk" {acid, rCorr}
 20823 | Orc:2    | Killed ssalbiz's ghost
 20949 | Orc:2    | Bought a potion of heal wounds for 80 gold pieces
 21102 | Lair:2   | Reached skill level 1 in Shields
 21444 | Lair:3   | You fall into a shaft and drop 2 floors!
 21444 | Lair:5   | Entered Level 5 of the Lair of Beasts
 21513 | Lair:3   | Learned a level 2 spell: Blink
 21644 | Lair:3   | Reached skill level 1 in Translocations
 22626 | Lair:4   | Found a staircase to the Slime Pits.
 22642 | Lair:4   | Identified the +3 scale mail of the Other World {Harm rElec
                  | rN++}
 23551 | Lair:5   | Reached skill level 10 in Dodging
 23609 | Lair:5   | Reached XP level 15. HP: 103/136 MP: 18/18
 24047 | Lair:5   | Got the Codex of Fumes
 24183 | Lair:5   | Reached skill level 1 in Spellcasting
 24210 | Lair:5   | Found a gateway to Hell.
 24217 | Lair:5   | Identified the +8 plate armour "Daragh Porch" {Will- Dex+5}
 24724 | D:8      | Killed Jeremiah
 24766 | D:9      | Killed Joseph
 25035 | Lair:2   | Killed benadryl's ghost
 25036 | Lair:2   | Reached skill level 1 in Air Magic
 25256 | D:15     | Entered Level 15 of the Dungeon
 25363 | D:15     | Found a staircase to the Depths.
 25455 | D:15     | Found Qosoguw's Armour Emporium.
 25464 | D:15     | Bought the -2 hat of the Alchemist {rElec rPois rF+ rC+ rN+
                  | Will+ rMut rCorr} for 660 gold pieces
 25464 | D:15     | Found the -2 hat of the Alchemist {rElec rPois rF+ rC+ rN+
                  | Will+ rMut rCorr}
 25670 | D:15     | Learned a level 3 spell: Swiftness
 26207 | D:15     | Found a portal to a secret trove of treasure.
 26521 | Snake:1  | Entered Level 1 of the Snake Pit
 26775 | Snake:1  | Noticed a nagaraja
 26787 | Snake:1  | Killed a nagaraja
 26788 | Snake:1  | Reached skill level 5 in Translocations
 26794 | Snake:1  | Reached skill level 5 in Air Magic
 27288 | Snake:1  | Reached skill level 1 in Hexes
 27737 | Snake:2  | Identified the serpent talisman of the Old World {rF+ rC+
                  | Int+3 Dex-5}
 27737 | Snake:2  | Noticed Aizul
 27774 | Snake:3  | Learned a level 3 spell: Tukima's Dance
 27892 | Snake:2  | Reached XP level 16. HP: 89/144 MP: 26/26
 27892 | Snake:2  | Found Rikhlic's General Store.
 27984 | Snake:2  | Identified the +9 flail of the Tundras {venom, Dex+3
                  | Stlth+}
 28119 | Snake:2  | Reached skill level 5 in Hexes
 28134 | Snake:2  | Learned a level 4 spell: Dimensional Bullseye
 28194 | Snake:2  | Killed Aizul
 28850 | Snake:3  | Found Lofyer's Jewellery Emporium.
 28852 | Snake:3  | Found Ycleedghius's Book Shop.
 28853 | Snake:3  | Found Daduomayj's Jewellery Emporium.
 29573 | Snake:3  | Identified the +2 robe "Hulyko" {Rampage Slay+4 Archmagi}
 29731 | Snake:4  | Entered Level 4 of the Snake Pit
 29748 | Snake:4  | Found a runed translucent gate.
 29750 | Snake:4  | Found a runed translucent gate.
 29750 | Snake:4  | Noticed Sagen's ghost (adept DrCj)
 29767 | Snake:4  | Identified the +5 whip "Xynloz" {heavy, ^Fragile rN++
                  | Str+4}
 29769 | Snake:4  | Found a runed translucent gate.
 30058 | Snake:4  | Identified the +1 leather armour "Amotaliku" {Str+2 Dex+3
                  | Slay-6}
 31053 | Snake:4  | Reached skill level 5 in Shields
 31053 | Snake:4  | Reached XP level 17. HP: 132/152 MP: 19/27
 31296 | Snake:4  | Got a serpentine rune of Zot
 31477 | Snake:3  | Bought a ring of flight for 280 gold pieces
 31597 | Swamp:1  | Entered Level 1 of the Swamp
 31830 | Swamp:1  | Noticed Donald
 31899 | Swamp:1  | Noticed Nikola
 32272 | Lair:2   | Killed Nikola
 32331 | Lair:2   | Killed Donald
 32339 | Lair:2   | Learned a level 4 spell: Iskenderun's Mystic Blast
 32426 | Swamp:1  | Reached skill level 1 in Conjurations
 32724 | Swamp:1  | Noticed a tentacled monstrosity
 32933 | Vaults:1 | Entered Level 1 of the Vaults
 32947 | Vaults:1 | Reached skill level 5 in Spellcasting
 33768 | Vaults:1 | Paralysed by a formless jellyfish for 1 turns
 33819 | Vaults:1 | Reached skill level 10 in Translocations
 35292 | Vaults:2 | Noticed a lich
 35293 | Vaults:2 | Noticed Sojobo
 35453 | Vaults:2 | Killed a lich
 35793 | Vaults:2 | Paralysed by an air elemental for 1 turns
 35799 | Vaults:2 | Paralysed by an air elemental for 1 turns
 35801 | Vaults:2 | Paralysed by an air elemental for 1 turns
 35807 | Vaults:2 | Paralysed by an air elemental for 1 turns
 35813 | Vaults:2 | Paralysed by an air elemental for 1 turns
 36000 | Vaults:2 | Reached XP level 18. HP: 98/160 MP: 31/31
 36494 | Vaults:2 | Paralysed by a formless jellyfish for 1 turns
 36588 | Vaults:2 | Reached skill level 1 in Alchemy
 36810 | Vaults:2 | Found Pudod's Weapon Shop.
 36920 | Vaults:2 | Learned a level 5 spell: Yara's Violent Unravelling
 37161 | Vaults:2 | Found a staircase to the Crypt.
 37469 | Vaults:2 | Reached skill level 5 in Alchemy
 37717 | Vaults:2 | Found a staircase to the Crypt.
 37835 | Vaults:2 | Killed Sojobo
 38142 | Vaults:3 | Noticed a tentacled monstrosity
 38730 | Vaults:3 | Killed a tentacled monstrosity
 38779 | Vaults:3 | Noticed Mara
 38784 | Vaults:3 | Noticed Daunt's illusion
 38804 | Vaults:3 | Killed Mara
 38873 | Vaults:3 | Noticed Jory
 39204 | Snake:3  | Bought Xuax's Elucidation of Transportation for 720 gold
                  | pieces
 39211 | Snake:3  | Learned a level 6 spell: Dispersal
 39340 | Swamp:1  | Killed a tentacled monstrosity
 39676 | Swamp:2  | Noticed Jorgrun
 39691 | Swamp:2  | Killed Jorgrun
 39889 | Swamp:2  | Noticed Mlioglotl
 39900 | Swamp:2  | Killed Mlioglotl
 40604 | Swamp:4  | Entered Level 4 of the Swamp
 40840 | Swamp:4  | Reached XP level 19. HP: 167/167 MP: 37/37
 41535 | Swamp:4  | Got a decaying rune of Zot
 42020 | Vaults:3 | Found Juzick's Weapon Shop.
 42177 | Vaults:4 | Found a flickering gateway to a bazaar.
 42198 | Bazaar   | Entered a bazaar
 42198 | Bazaar   | Found Maatwoom's Weapon Shoppe.
 42198 | Bazaar   | Found Taegemocs's Armour Emporium.
 42202 | Bazaar   | Found Kujenly's Assorted Antiques.
 42214 | Bazaar   | Found Veruiz's General Store.
 42222 | Bazaar   | Bought a scroll of revelation for 67 gold pieces
 42236 | Bazaar   | Bought a potion of haste for 230 gold pieces
 42374 | Vaults:3 | Noticed Bai Suzhen
 42395 | Vaults:3 | Killed Bai Suzhen
 42565 | Vaults:3 | Killed Jory
 42566 | Vaults:3 | Reached skill level 15 in Fighting
 43151 | Vaults:4 | Identified the +1 halberd "Hoetsuijoe" {flame, rElec rCorr
                  | Str+7 Dex-3}
 44183 | Depths:1 | Entered Level 1 of the Depths
 44250 | Depths:2 | Noticed Vv
 44501 | Depths:1 | Noticed Norris
 44524 | Depths:1 | Killed Norris
 44679 | Depths:1 | Learned a level 5 spell: Silence
 45350 | Depths:1 | Reached XP level 20. HP: 155/178 MP: 36/39
 45479 | Depths:1 | Found the +8 frozen axe "Frostbite" {freeze, freezing
                  | cloud, *Noise Fly rC+}
 45701 | Depths:1 | Reached skill level 10 in Hexes
 45807 | Depths:2 | Reached skill level 10 in Spellcasting
 47065 | Depths:2 | Identified the +5 war axe "Bime" {drain, *Corrode rF+
                  | Int+5}
 47626 | Depths:2 | Killed Vv
 47763 | Depths:2 | Identified the +0 chain mail of Ubaph {rF+ rCorr Int-3}
 48392 | Depths:3 | Noticed Parghit
 48481 | Depths:3 | Found a one-way gate to the infinite horrors of the Abyss.
 48589 | Depths:3 | Found a one-way gateway to a ziggurat.
 48839 | Depths:3 | Reached skill level 15 in Translocations
 48867 | Depths:3 | Noticed a juggernaut
 48919 | Depths:4 | Entered Level 4 of the Depths
 48981 | Depths:3 | Identified the +1 ring mail "Hur Peck" {Fly rN+ Will+
                  | Regen+}
 49479 | Depths:3 | Killed a juggernaut
 49694 | Depths:4 | Reached XP level 21. HP: 176/184 MP: 42/42
 49862 | Depths:4 | Noticed a caustic shrike
 49864 | Depths:4 | Noticed a caustic shrike
 49875 | Depths:4 | Killed a caustic shrike
 49878 | Depths:4 | Killed a caustic shrike
 49899 | Depths:4 | Noticed a caustic shrike
 49899 | Depths:4 | Noticed a caustic shrike
 49899 | Depths:4 | Noticed a caustic shrike
 49915 | Depths:4 | Killed a caustic shrike
 49930 | Depths:4 | Killed a caustic shrike
 49933 | Depths:4 | Killed a caustic shrike
 50491 | Depths:4 | Found a gate to the Realm of Zot.
 50491 | Depths:4 | Noticed a golden dragon
 50491 | Depths:4 | Noticed a golden dragon
 50525 | Depths:4 | Killed a golden dragon
 50564 | Depths:4 | Killed a golden dragon
 50659 | Depths:4 | Noticed a golden dragon
 50675 | Depths:4 | Killed a golden dragon
 50941 | Depths:4 | Identified the +0 robe of Dice, Bag, and Bottle {rPois
                  | Int+2}
 51974 | Elf:1    | Entered Level 1 of the Elven Halls
 52210 | Elf:1    | Noticed Agnes
 52220 | Elf:1    | Killed Agnes
 52531 | Elf:1    | Found a runed translucent gate.
 52531 | Elf:1    | Found a runed translucent gate.
 52531 | Elf:1    | Found a runed translucent gate.
 52531 | Elf:1    | Noticed Eskosele's ghost (adept TeRe)
 52605 | Elf:1    | Noticed Louise
 52622 | Elf:1    | Killed Louise
 52955 | Elf:1    | Killed Eskosele's ghost
 53088 | Elf:2    | Paralysed by an air elemental for 1 turns
 53347 | Elf:2    | Identified the +3 falchion of Tynn {antimagic, rPois}
 53369 | Elf:2    | Found a runed translucent gate.
 53371 | Elf:2    | Found a runed translucent gate.
 53371 | Elf:2    | Found a runed translucent gate.
 53474 | Elf:2    | Found a transporter.
 53476 | Elf:2    | Found a transporter.
 53580 | Elf:2    | Found a transporter.
 53581 | Elf:2    | Found a transporter.
 53594 | Elf:2    | Found a transporter.
 53597 | Elf:2    | Found a transporter.
 53721 | Elf:3    | Entered Level 3 of the Elven Halls
 53807 | Elf:3    | Paralysed by an air elemental for 1 turns
 53903 | Elf:3    | Noticed Roxanne
 53915 | Elf:3    | Killed Roxanne
 54048 | Elf:3    | Reached XP level 22. HP: 195/195 MP: 43/43
 54248 | Elf:3    | Reached skill level 10 in Shields
 55077 | Elf:3    | Identified the +9 demon trident of Bloody Death {flame,
                  | Int+3}
 55091 | Elf:3    | Identified the +10 scimitar "Ydophigh" {speed, Int-5 Dex+2
                  | SInv}
 55096 | Elf:3    | Identified the +4 scimitar of Cowardice {flame, rF++ Will-}
 55111 | Elf:3    | Identified the +0 storm dragon scales "Moanothrium" {rElec
                  | Will+ rCorr SInv}
 55112 | Elf:3    | Identified the +5 short sword "Toisad" {freeze, Fly Will+
                  | Dex+2}
 55220 | Elf:3    | Identified the ring "Maxedaumn" {Fire Stlth+}
 55327 | Elf:3    | Identified the ring of Cilenk {rElec rPois rCorr Str-5
                  | Dex+5}
 55405 | Elf:3    | Identified the +7 dagger "Yrhoce" {flame, rF+ Dex+4 Stlth+}
 55426 | Elf:3    | Identified the +2 cloak of the Hippogriff {rElec rPois rC+
                  | Str+4}
 55446 | Elf:3    | Identified the +1 longbow "Riacua Miqe" {antimagic, rF++}
 55451 | Elf:3    | Got Leosuniq's Codex of Floating Support
 55453 | Elf:3    | Got Ruaqeet's Exposition on Septic Quicksand
 55456 | Elf:3    | Identified the +8 sling "Welayxt" {heavy, rElec rC+ rCorr}
 55815 | Slime:1  | Entered Level 1 of the Pits of Slime
 55996 | Slime:3  | Paralysed by a formless jellyfish for 1 turns
 56003 | Slime:3  | Paralysed by a formless jellyfish for 1 turns
 56265 | Slime:5  | Entered Level 5 of the Pits of Slime
 56340 | Slime:4  | Paralysed by a formless jellyfish for 1 turns
 56615 | Slime:5  | Noticed the Royal Jelly
 57939 | Slime:5  | Killed the Royal Jelly
 58421 | Slime:5  | Found the +8 autumn katana {manifold assault}
 58428 | Slime:5  | Identified the +11 dagger of Mytangaa {protect, Stlth+}
 58429 | Slime:5  | Identified the staff "Geicadif" {rC+ Str+6 Conj Ice}
 58500 | Slime:5  | Got a slimy rune of Zot
 58502 | Slime:5  | Identified the +0 ring mail of Scuffed Mirth {rElec SInv}
 58567 | Slime:5  | Got the Codex of the Wereyak
 58572 | Slime:5  | Got Vogrury's Precepts of the Sinister Dragon
 59912 | Orc:2    | Bought a scroll of enchant armour for 105 gold pieces
 61039 | Vaults:5 | Entered Level 5 of the Vaults
 61039 | Vaults:5 | Noticed Margery
 61586 | Vaults:5 | Reached XP level 23. HP: 202/202 MP: 44/46
 61928 | Vaults:5 | Killed Margery
 62131 | Vaults:5 | Got the Treatise on Fog and Damage
 62444 | Vaults:5 | Identified the orb "Tufio" {*channel, Stlth+}
 62444 | Vaults:5 | Identified the ring "Vaasm" {rCorr Str+4 SInv Stlth+}
 62444 | Vaults:5 | Noticed Frederick
 62468 | Vaults:5 | Killed Frederick
 62544 | Vaults:5 | Identified the +8 arbalest of the Silent Majority {heavy,
                  | rPois rC+}
 62594 | Vaults:5 | Noticed a dread lich
 62627 | Vaults:5 | Killed a dread lich
 62628 | Vaults:5 | Reached skill level 15 in Spellcasting
 62954 | Vaults:5 | Identified the amulet "Juapneyw" {Faith rF++}
 63140 | Vaults:5 | Identified the +8 chain mail of Baypoxke {Will++ Dex+3}
 63180 | Vaults:5 | Identified the +9 dagger "Pusir" {venom, Str+4}
 63183 | Vaults:5 | Got a silver rune of Zot
 64108 | Zot:1    | Entered Level 1 of the Realm of Zot
 65177 | Zot:1    | Identified the +4 scale mail of Odyrab {rPois rC+ Int+10
                  | Dex-4}
 65215 | Zot:1    | Reached skill level 10 in Air Magic
 65219 | Zot:1    | Reached skill level 10 in Alchemy
 65425 | Zot:1    | Reached skill level 15 in Shields
 66939 | Zot:2    | Reached skill level 10 in Armour
 66955 | Zot:2    | Noticed an orb of fire
 67314 | Crypt:1  | Entered Level 1 of the Crypt
 67864 | Crypt:1  | Reached XP level 24. HP: 210/210 MP: 48/48
 69131 | Crypt:3  | Entered Level 3 of the Crypt
 69361 | Crypt:3  | Found a staircase to the Tomb.
 69579 | Crypt:3  | Noticed a dread lich
 69593 | Crypt:3  | Killed a dread lich
 69617 | Crypt:3  | Identified the +0 scale mail of Bahice {rElec}
 70239 | Crypt:3  | Got the Book of the Dead
 70429 | Crypt:3  | Identified the +1 quarterstaff of Caxkuseo {venom, rF+
                  | Str+3 Int+2}
 70829 | D:15     | You paid a toll of 2 scrolls of acquirement to enter a
                  | treasure trove
 70830 | Trove    | Entered a treasure trove
 70832 | Trove    | Found the +10 dark maul {heavy}
 70846 | Trove    | Identified the +10 longbow of Ivvimete {flame, rPois rF-
                  | rN++ Will+}
 71448 | Zot:2    | Killed an orb of fire
 71629 | Zot:2    | Reached skill level 15 in Armour
 73822 | Zot:4    | Noticed an orb of fire
 73831 | Zot:4    | Gained mutation: You are dopey. (Int -2) [an orb of fire]
 73837 | Zot:4    | Killed an orb of fire
 74045 | Zot:4    | Reached XP level 25. HP: 167/220 MP: 28/48
 74217 | Zot:4    | Identified the +0 ring mail "Cistraseu" {rF+++ Will+ Int-3
                  | Slay+3}
 74341 | Zot:5    | Entered Level 5 of the Realm of Zot
 74841 | Zot:5    | Noticed a dread lich
 74851 | Zot:5    | Killed a dread lich
 75118 | Zot:5    | Noticed an orb of fire
 75150 | Zot:5    | Noticed an orb of fire
 75161 | Zot:5    | Killed an orb of fire
 75167 | Zot:5    | Killed an orb of fire
 75475 | Zot:5    | Noticed an ancient lich
 75682 | Zot:5    | Killed an ancient lich
 75732 | Zot:5    | Noticed an orb of fire
 75755 | Zot:5    | Gained mutation: You are clumsy. (Dex -2) [an orb of fire]
 75758 | Zot:5    | Killed an orb of fire
 75957 | Zot:5    | Noticed an orb of fire
 75976 | Zot:5    | Killed an orb of fire
 75979 | Zot:5    | Noticed a dread lich
 75997 | Zot:5    | Killed a dread lich
 76131 | Zot:5    | Identified the quicksilver dragon scales of Veemm {Will+
                  | Dex+4}
 76257 | Zot:5    | Noticed a dread lich
 76270 | Zot:5    | Killed a dread lich
 76637 | Zot:5    | Got the Orb of Zot
 77216 | D:$      | Escaped with the Orb!

Illustrated notes

Levels and vault maps discovered:
D:1:      minmay_arrival_wavy_path, layout_basic
D:2:      layout_rooms, uniq_robin, uniq_crazy_yiuf_cottage
D:3:      layout_basic, kennysheep_doodads
D:4:      layout_basic
D:5:      minmay_general_purpose_star, layout_basic, uniq_pikel,
          uniq_blork_the_orc, uniq_menkaure
D:6:      layout_loops_ring, minmay_temple_entry_fiery,
          kennysheep_generic_room_7
D:7:      kennysheep_six_static_rooms, layout_basic
D:8:      layout_basic, zin_scriptorium, uniq_jeremiah
D:9:      layout_long_grid, chequers_temple_overflow_statue_of_worship,
          hangedman_glass_teeth, uniq_joseph
D:10:     layout_cave_pods, nicolae_overflow_hallway_of_the_gods, uniq_sonja
D:11:     layout_basic, dpeg_oklobed_lair
D:12:     kennysheep_big_flooded_room, layout_loops_ring,
          kennysheep_orc_monster_closet_entryway, nrook_guardian_serpent_double
D:13:     layout_irregular_city, serial_shops, shop_fountains
D:14:     layout_gridville, david_vaults_1, nicolae_uskayaw_suspiria
D:15:     hangedman_depths_entry_civil_slaughter, layout_layer_cave,
          nicolae_two_hexagons, nicolae_trove_entry_isolated, serial_shops,
          nicolae_shop_tiny_glass, nicolae_gozag_seed_capital
Lair:1:   layout_hall_layers
Lair:2:   layout_chaotic_city, skrybe_swamp_entry_bodies,
          guppyfry_snake_entry_garden, nzn_ghost_randoct
Lair:3:   regret_index_combs_of_tragedy, layout_long_grid,
          gauntlet_entry_generic
Lair:4:   layout_hall_layers, dpeg_slime_entry_enclosed
Lair:5:   evil_forest, layout_loops_ring, grunt_megastairs_2
Swamp:1:  cheibrodos_swamp_monstrosity, layout_falls_marsh,
          evilmike_swamp_ruin_house_4, swamp_pool_4, uniq_nikola, uniq_donald
Swamp:2:  layout_basic_swamp, nicolae_swamp_fairy_circle, swamp_pool_1_2,
          uniq_jorgrun, uniq_mlioglotl
Swamp:3:  layout_falls_marsh, evilmike_swamp_ruin_house_2, swamp_pool_1_2,
          hangedman_swamp_phenomena
Swamp:4:  swamp_alternative, layout_basic_swamp, swamp_pool_4,
          infiniplex_staircase_pool
Snake:1:  nicolae_snake_hallway, layout_basic, drop_trap,
          nicolae_snake_slithery_hallway
Snake:2:  layout_cave_shapes, serial_shops, shop, serial_bayou_pond_c,
          uniq_aizul
Snake:3:  layout_misc_corridors, nicolae_snake_storage_room, minmay_shop_grove
Snake:4:  grunt_snake_rune_serpentine_throne, layout_cave_town,
          gammafunk_ghost_split, serial_bayou_shore_b
Slime:1:  layout_caves
Slime:2:  layout_caves
Slime:3:  layout_caves
Slime:4:  nicolae_slime_pool, layout_caves, cheibrodos_slime_lost_civilization_6
Slime:5:  slime_pit_nicolae_trefoil
Orc:1:    layout_diamond_mine, serial_shops, shop, nicolae_shop_hallway_stairs,
          shop
Orc:2:    pf_orc_diabolical, layout_caves, serial_shops,
          nicolae_shop_rolling_square, basic_altar,
          maelrawn_ghost_gauntlet_escape, minmay_shop_mass
Elf:1:    nicolae_elf_arrival_no_cutting_in_line, layout_geoelf_grid,
          ebering_ghost_gozag, hangedman_elven_crosses_minicolossus,
          nicolae_zig_zag_zippers, uniq_agnes, uniq_louise
Elf:2:    nicolae_elf_blades_splatter_lattice [mumra_blade_entry_bloodbath],
          layout_gridlike, basic_altar, serial_nicolae_subway,
          nicolae_sub_station_metal, nicolae_sub_station_stone,
          nicolae_sub_station_crystal
Elf:3:    elf_hall_gauntlet_narrow, layout_gridlike, uniq_roxanne
Vaults:1: hangedman_vaults_unwind, nicolae_vaults_windows_and_doors_thing,
          nicolae_vaults_alarming, nicolae_vaults_closet_pinwheel_6,
          nicolae_vaults_doubleplus_tesselated, v_alt_pattern_6,
          nicolae_vaults_trapezoid_lopsided_1, nicolae_vaults_big_angled_halls,
          layout_vaults_omnigrid
Vaults:2: v_rooms_3, nicolae_vaults_little_squares_5,
          minmay_crypt_entry_necro_gods, nicolae_vaults_twisting_passages,
          ontoclasm_vaults_bender, hangedman_vaults_stretched_pinwheel,
          nicolae_vaults_sealed_display, nicolae_vaults_yaktaur_gun_rack,
          v_misc_19, vaults_room_pools, nicolae_vaults_whirlpool_walls,
          vaults_room_hallway, nicolae_vaults_closet_pinwheel_3,
          hangedman_vaults_restitches, nicolae_vaults_apartment_1,
          nicolae_vaults_tetromino_Z_1, layout_vaults_omnibox, serial_shops,
          shop, uniq_sojobo
Vaults:3: nicolae_vaults_heart-shaped_vault, nicolae_vaults_back_hallway,
          hangedman_vaults_stagger, vaults_room_ringed_pool,
          hangedman_vaults_locks, nicolae_vaults_mini_display_case,
          nicolae_vaults_little_squares_5, nicolae_vaults_trapezoid_layered,
          v_alt_pattern_3, nicolae_vaults_trapezoid_lopsided_1,
          nicolae_vaults_taking_the_gang_shopping, layout_vaults_omnicross,
          uniq_jory, uniq_mara, uniq_bai_suzhen
Vaults:4: vaults_room_grid, ontoclasm_vaults_eye, nicolae_vaults_double_plus_1,
          st_more_cells, nicolae_vaults_turnstiles, vaults_room_stairs_pillars,
          nicolae_vaults_two_Ls, vaults_room_large_hall, hangedman_vaults_slice,
          nicolae_vaults_double_plus_2, serial_ice_h, vaults_room_corners,
          nicolae_vaults_trapezoid_lopsided_1, layout_vaults_chaotic_city,
          serial_shops, freezing_bzr
Vaults:5: uniq_frederick, uniq_margery
Crypt:1:  layout_misc_corridors, serial_sigils_hangedman_scar
Crypt:2:  layout_catacombs
Crypt:3:  lightli_unholy_cathedral, layout_chaotic_city,
          tomb_entry_simple_bobbens, nicolae_crypt_smalloseum
Depths:1: layout_gridlike, minmay_misc_feat_cross, hellmouth_3,
          minmay_fire_ice_demons, uniq_norris
Depths:2: four-leaf_vault, layout_long_grid, pan_entry, hellmouth_1,
          nemelex_xobeh_ov_fountains_minmay, minmay_stone_trees_large,
          infiniplex_staircase_zigzag_2, serial_bayou_shore_b, uniq_vv
Depths:3: evilmike_inaccessible_box, layout_basic, enter_ziggurat_a, hell_entry,
          abyss_entry_flame_altar, uniq_parghit
Depths:4: grunt_zot_entry_funnels, layout_gridlike, eino_curves_04,
          hangedman_tar_grid_catacomb, rand_demon_pan_entry_7,
          kennysheep_underground_church
Zot:1:    layout_onion_interference, grunt_megastairs_3
Zot:2:    layout_gridlike, regret_index_zotdec_barnacled_simple,
          grunt_megastairs_1
Zot:3:    kennysheep_room_grid, layout_gridlike
Zot:4:    kennysheep_ambush_hall, layout_basic
Zot:5:    layout_misc_corridors

Skill      XL: |  1  2  3  4  5  6  7  8  9 10 11 12 13 14 15 16 17 18 19 20 21 22 23 24 25 |
---------------+----------------------------------------------------------------------------+-----
Fighting       | 2 3 4 6 7 8 11 12 13 14 15 16 18 | 18.0
Ranged Weapons | 2 3 7 9 11 12 13 14 15 18 | 18.1
Dodging        | 2 3 5 6 9 10 11 13 | 13.0
Armour         | 2 3 5 7 8 9 11 16 | 16.6
Stealth        | 5 6 7 |  7.0
Evocations     | 2 5 |  5.0
Shields        | 4 5 7 9 14 15 16 | 16.0
Translocations | 4 6 9 12 13 14 15 17 | 17.0
Spellcasting   | 4 6 9 12 13 15 | 15.0
Air Magic      | 6 7 9 10 | 10.0
Hexes          | 4 6 7 9 11 12 13 14 | 14.0
Conjurations   | 4 |  4.0
Alchemy        | 5 9 10 | 10.0
Unarmed Combat | |  2.6
Shapeshifting  | |  2.6

Action                     |  1- 3 |  4- 6 |  7- 9 | 10-12 | 13-15 | 16-18 | 19-21 | 22-24 | 25-27 || total
---------------------------+-------+-------+-------+-------+-------+-------+-------+-------+-------++-------
  Melee: Unarmed           |    78 |    46 |       |       |       |       |       |       |       ||   124
         Punch             |       |     6 |       |       |       |       |       |       |       ||     6
   Fire: Sling             |    78 |   109 |       |       |       |       |       |       |       ||   187
         Shortbow          |       |    72 |   632 |   108 |       |       |       |       |       ||   812
         Orcbow            |       |       |       |   928 |  1083 |       |       |       |       ||  2011
         Greatsling        |       |       |       |       |  1115 |  1849 |  2370 |  3373 |   567 ||  9274
   Cast: Dimensional Bulls |       |       |       |       |       |    74 |    97 |    97 |    15 ||   283
         Tukima's Dance    |       |       |       |       |       |    17 |     3 |       |       ||    20
         Blink             |       |       |       |       |       |     8 |     3 |       |       ||    11
         Swiftness         |       |       |       |       |       |     3 |     1 |     1 |       ||     5
         Iskenderun's Myst |       |       |       |       |       |     3 |       |     4 |       ||     7
         Dispersal         |       |       |       |       |       |     6 |    12 |    29 |     5 ||    52
         Yara's Violent Un |       |       |       |       |       |     3 |    33 |    29 |     3 ||    68
         Silence           |       |       |       |       |       |       |     1 |     2 |     4 ||     7
Ability: Begin Untransform |     1 |       |       |       |       |       |       |       |       ||     1
  Evoke: Wand              |       |    10 |       |       |    17 |     1 |     7 |     2 |     1 ||    38
         Lightning rod     |       |       |       |       |       |     4 |       |       |       ||     4
         Phantom mirror    |       |       |       |       |       |     2 |     2 |       |       ||     4
    Use: Potion            |     1 |     3 |     1 |     2 |     1 |       |     5 |     8 |     1 ||    22
         Scroll            |       |     3 |     8 |    11 |    14 |     1 |     4 |    23 |     2 ||    66
 Armour: Ring mail         |    52 |    40 |       |       |       |       |       |       |       ||    92
         Animal skin       |     4 |       |       |       |       |       |       |       |       ||     4
         Chain mail        |    39 |       |       |       |       |       |       |       |       ||    39
         Skin              |    17 |    32 |    11 |       |       |       |       |       |       ||    60
         Leather armour    |       |   104 |   215 |   131 |       |       |       |       |       ||   450
         Acid dragon scale |       |       |       |   307 |   529 |   211 |       |       |       ||  1047
         Robe              |       |       |       |       |       |    23 |       |       |       ||    23
         Quicksilver drago |       |       |       |       |       |   182 |   477 |   398 |       ||  1057
         Fire dragon scale |       |       |       |       |       |       |       |   713 |   189 ||   902
  Dodge: Dodged            |    79 |   114 |   165 |   467 |   703 |   659 |   631 |  1476 |   207 ||  4501
  Block: Buckler           |       |       |       |       |   117 |   259 |   376 |   578 |       ||  1330
         Reflection        |       |       |       |       |       |     1 |       |       |       ||     1
         Kite shield       |       |       |       |       |       |       |       |   798 |   294 ||  1092
